 Dungeon Crawl Stone Soup version 0.23-a0-143-g1adec7bb76 (webtiles) character file.

541 PikkenKukken the Skirmisher (level 7, -7/55 HPs)
             Began as a Demonspawn Monk on Sept 2, 2018.
             Was a Believer of Dithmenos.
             Mangled by Edmund
             ... wielding a +1 flail of holy wrath
              (9 damage)
             ... while paralysed by Grinder
             ... on level 5 of the Dungeon.
             The game lasted 00:13:57 (5744 turns).

PikkenKukken the Skirmisher (Demonspawn Monk)       Turns: 5744, Time: 00:13:58

Health: -7/55      AC:  2    Str: 11    XL:     7   Next: 5%
Magic:  19/19      EV:  2    Int: 11    God:    Dithmenos [**....]
Gold:   194        SH:  0    Dex: 18    Spells: 6/10 levels left

rFire    . . .     SeeInvis .   b - +1 blowgun
rCold    . . .     Gourm    .   (no shield)
rNeg     . . .     Faith    .   a - +0 robe
rPois    .         Spirit   .   (helmet restricted)
rElec    .         Reflect  .   o - scarf {repulsion}
rCorr    .         Harm     .   (no gloves)
MR       .....                  (no boots)
Stlth    +++.......             (no amulet)
HPRegen  0.18/turn              p - ring of magical power
MPRegen  0.16/turn              (no ring)

@: paralysed, confusing touch, wreathed by umbra, repel missiles
A: claws 1, hooves 1, horns 1, powered by pain 2
a: Shadow Step, Renounce Religion


You were on level 5 of the Dungeon.
You worshipped Dithmenos.
Dithmenos was pleased with you.
You were not hungry.

You visited 2 branches of the dungeon, and saw 6 of its levels.

You collected 194 gold pieces.

Inventory:

Hand Weapons
 b - a +1 blowgun (weapon)
 g - a +0 hunting sling
Missiles
 e - 57 poisoned needles (quivered)
 f - 72 arrows
 h - 29 sling bullets
Armour
 a - a +0 robe (worn)
 c - a +1 plate armour
 m - a scarf of repulsion
 o - a scarf of repulsion (worn)
Jewellery
 p - a ring of magical power (left claw)
Scrolls
 i - 3 scrolls of enchant armour
 j - a scroll of amnesia
 l - 2 scrolls of teleportation
 n - a scroll of magic mapping
 q - 4 scrolls of remove curse
 r - a scroll of blinking
 t - a scroll of fear
Potions
 k - a potion of haste
 s - a potion of curing
Comestibles
 d - 4 rations
 u - 2 chunks of flesh


   Skills:
 + Level 4.4 Fighting
 + Level 0.0 Throwing
 + Level 4.0 Dodging
 + Level 3.7 Stealth
 + Level 3.9 Unarmed Combat
 + Level 2.0 Spellcasting
 + Level 2.1 Hexes
 * Level 0.2 Transmutations


You had 6 spell levels left.
You knew the following spells:

 Your Spells              Type           Power        Failure   Level  Hunger
a - Confusing Touch       Hex            #.....       12%         1    ##.....
b - Sticks to Snakes      Tmut           #.......     38%         2    ###....
c - Beastly Appendage     Tmut           #.....       26%         1    ##.....

Your spell library contained the following spells:

 Spells                   Type           Power        Failure   Level  Hunger
 Animate Skeleton         Necr           N/A          28%         1    ##.....
 Apportation              Tloc           #.....       28%         1    ##.....
 Summon Small Mammal      Summ           #...         28%         1    ##.....
 Spider Form              Tmut/Pois      #.........   63%         3    ####...
 Ice Form                 Ice/Tmut       #.......     95%         4    #####..
 Blade Hands              Tmut           #.........   100%        5    ######.


Dungeon Overview and Level Annotations

Branches:
Dungeon (5/15)             Temple (1/1) D:5

Altars:
Ashenzari
Dithmenos
Elyvilon
Hepliaklqana
Kikubaaqudgha
Makhleb
Nemelex Xobeh
Okawaru
Qazlal
Ru
Sif Muna
Trog
Vehumet
Wu Jian
Zin

Annotations:
D:3 1 transporter, Jesh's ghost, amateur SpEn
D:5 Edmund; Grinder


Innate Abilities, Weirdness & Mutations

You have sharp fingernails.
You have large cloven feet.
You have a pair of small horns on your head.
You sometimes gain power by taking damage.


Message History

Press: ? - help, Shift-Dir - straight line, f/p - Edmund
Aim: Edmund, wielding a flail of holy wrath and wearing a scale mail You shoot a poisoned needle.
The poisoned needle hits Edmund.
Edmund looks as sick as possible!
Edmund is moderately wounded.
An orc comes into view. It is wielding a hand axe.
Grinder blinks!
The orc moves out of view.
Edmund hits you with a flail of holy wrath.
You convulse.
Grinder gestures at you.
You suddenly lose the ability to move!
The soldier ant stings you!
You focus on the pain.
You feel your power returning.
Magic restored.
Edmund hits you with a flail of holy wrath.
You convulse!
The soldier ant stings you. The soldier ant stings you!
* * * LOW HITPOINT WARNING * * *
Edmund hits you with a flail of holy wrath!
* * * LOW HITPOINT WARNING * * *
You convulse!
You die...

#.# ..... #.
#.###### ......
#..P...####......
#...P..##.......
####..P>P.#....#..(#
#......PPP...5#(#...
#.##.........#(.(#..
#.#########...((....
#.# #...@@(.#...#
#.# #.###a.#(# ..
#.######.###.#...#
#.##...............
#.##.##^.#.....#...#
#.##.##.##....#/#...
#............#..J#.
####.##.##..... ..
#.# ...


You could see Edmund, Grinder, a soldier ant and a jelly (sleeping).

Vanquished Creatures
  Menkaure (D:4)
  An ogre (D:4)
  2 bullfrog skeletons (D:4)
  An iguana (D:3)
  3 worker ants
  A hound skeleton (D:4)
  4 gnolls
  4 adders
  A shadow imp (D:5)
  An adder skeleton (D:4)
  5 worms
  A dart slug (D:1)
  2 leopard geckos
  2 orcs (D:4)
  A ball python (D:2)
  5 giant cockroaches
  10 goblins
  3 hobgoblins
  4 jackals (D:3)
  2 quokkas
  A ball python skeleton (D:4)
  8 bats
  4 frilled lizards
  8 kobolds
  10 rats
85 creatures vanquished.

Notes
Turn   | Place    | Note
-------+----------+-------------------------------------------
     0 | D:1      | PikkenKukken the Demonspawn Monk began the quest for the
                  | Orb.
     0 | D:1      | Reached XP level 1. HP: 18/18 MP: 1/1
   505 | D:1      | Gained mutation: You sometimes gain a little power by
                  | taking damage. [demonic ancestry]
   505 | D:1      | Reached XP level 2. HP: 24/24 MP: 2/2
  1603 | D:2      | Reached XP level 3. HP: 17/29 MP: 3/3
  2357 | D:2      | Found a hazy altar of Hepliaklqana.
  2615 | D:3      | Noticed an ogre
  2615 | D:3      | Noticed Jesh's ghost (amateur SpEn)
  2616 | D:3      | Found a transporter.
  2618 | D:3      | Noticed an ogre
  2618 | D:3      | Noticed an ogre
  2731 | D:3      | Gained mutation: You have a pair of small horns on your
                  | head. [demonic ancestry]
  2731 | D:3      | Reached XP level 4. HP: 27/35 MP: 4/4
  2854 | D:3      | Found an ornate altar of the Wu Jian Council.
  3177 | D:3      | Found a glowing silver altar of Zin.
  3413 | D:3      | Learned a level 1 spell: Confusing Touch
  3928 | D:4      | Gained mutation: You have sharp fingernails. [demonic
                  | ancestry]
  3928 | D:4      | Reached XP level 5. HP: 33/42 MP: 5/5
  3943 | D:4      | Found a burning altar of Makhleb.
  4255 | D:2      | Reached skill level 1 in Hexes
  4422 | D:4      | Reached skill level 1 in Spellcasting
  4648 | D:4      | Noticed an ogre
  4667 | D:4      | Killed an ogre
  4667 | D:4      | Gained mutation: You sometimes gain power by taking damage.
                  | [demonic ancestry]
  4667 | D:4      | Reached XP level 6. HP: 48/48 MP: 7/7
  4935 | D:4      | Noticed Menkaure
  4944 | D:4      | Killed Menkaure
  5320 | D:4      | Learned a level 2 spell: Sticks to Snakes
  5359 | D:4      | Found a bloodstained altar of Trog.
  5365 | D:4      | Found an ancient bone altar of Kikubaaqudgha.
  5404 | D:4      | Gained mutation: You have large cloven feet. [demonic
                  | ancestry]
  5404 | D:4      | Reached XP level 7. HP: 55/55 MP: 9/9
  5500 | D:4      | Learned a level 1 spell: Beastly Appendage
  5523 | D:5      | Entered Level 5 of the Dungeon
  5577 | D:5      | Found a staircase to the Ecumenical Temple.
  5619 | Temple   | Entered the Ecumenical Temple
  5693 | Temple   | Became a worshipper of Dithmenos the Shadowed
  5693 | Temple   | Reached * piety under Dithmenos
  5693 | Temple   | Reached ** piety under Dithmenos
  5726 | D:5      | Noticed Edmund
  5739 | D:5      | Noticed Grinder
  5741 | D:5      | Paralysed by Grinder for 5 turns
  5744 | D:5      | HP: 2/55 [Edmund/flail of holy wrath (9)]
  5744 | D:5      | Mangled by Edmund

Vault maps used:
D:1:      dpeg_arrival_three_smaller_balls, minmay_misc_feat_x, minmay_domino_4
D:2:      nicolae_overflow_hidden_temple
D:3:      gammafunk_temple_overflow_pools, gammafunk_ghost_smash
D:4:      overflow_temple_1_default, kennysheep_mini_moat, first_ration,
          bloody_makhleb, uniq_menkaure
D:5:      cheibrodos_fzero, minmay_temple_entry_overgrown, uniq_pikel,
          uniq_edmund, uniq_grinder
Temple:   eino_temple_scatter_basement

Skill      XL: |  1  2  3  4  5  6  7 |
---------------+----------------------+-----
Stealth        | 2 3 |  3.7
Dodging        | 3 4 |  4.0
Unarmed Combat | 3 |  3.9
Hexes          | 1 2 |  2.1
Spellcasting   | 1 2 |  2.0
Fighting       | 4 |  4.4
Transmutations | |  0.2

Action                   |  1- 3 |  4- 6 |  7- 9 || total
-------------------------+-------+-------+-------++-------
Melee: Unarmed           |   272 |   126 |     4 ||   402
       Punch             |     2 |     3 |       ||     5
       Headbutt          |       |    30 |       ||    30
 Fire: Blowgun           |     8 |    44 |    10 ||    62
 Cast: Confusing Touch   |       |     5 |     1 ||     6
  Use: Scroll            |     6 |     4 |       ||    10
       Potion            |     5 |     2 |       ||     7
 Stab: Sleeping          |     1 |       |     1 ||     2
       Confused          |       |     2 |       ||     2
  Eat: Chunk             |     6 |     5 |       ||    11
       Ration            |       |     1 |     1 ||     2
Armor: Plate armour      |   314 |    16 |       ||   330
       Robe              |       |     4 |     1 ||     5
       Skin              |       |     1 |       ||     1
Dodge: Dodged            |    35 |    65 |     1 ||   101
       Deflected         |       |     1 |       ||     1

Table legend:
 A = Non-vault XP
 B = Vault XP
 C = Vault XP percentage of total XP
 D = Non-vault monster count
 E = Vault monster count
 F = Vault count percentage of total count
                 A         B        C        D         E       F
            +---------+---------+-------+---------+---------+-------
      Total |     595 |     179 |  23.1 |      79 |       6 |   7.1
            +---------+---------+-------+---------+---------+-------
        D:1 |      28 |       7 |  20.0 |      19 |       4 |  17.4
        D:2 |      51 |       0 |   0.0 |      20 |       0 |   0.0
        D:3 |     156 |       0 |   0.0 |      22 |       0 |   0.0
        D:4 |     349 |     169 |  32.6 |      17 |       1 |   5.6
        D:5 |      11 |       3 |  21.4 |       1 |       1 |  50.0
            +---------+---------+-------+---------+---------+-------
